 Dungeon Crawl Stone Soup version 0.30-a0-1066-g63dfefce0d (webtiles) character file.

Game seed: 16889520991872779773

3144 Arzdou the Cleaver (level 9, -6/78 HPs)
             Began as a Hill Orc Fighter on Apr 12, 2023.
             Was a Follower of Beogh.
             Mangled by a white ugly thing (16 damage)
             ... on level 7 of the Dungeon.
             The game lasted 00:18:18 (7201 turns).

Arzdou the Cleaver (Hill Orc Fighter)               Turns: 7201, Time: 00:18:19

Health: -6/78      AC: 20    Str: 23    XL:     9   Next: 93%
Magic:  9/9        EV:  8    Int:  8    God:    Beogh [*.....]
Gold:   366        SH:  5    Dex: 10    Spells: 8/8 levels left

rFire   . . .      SeeInvis .    u - +0 war axe (venom)
rCold   . . .      Faith    .    c - +0 buckler
rNeg    . . .      Spirit   .    n - +1 chain mail
rPois   +          Reflect  .    (no helmet)
rElec   .          Rampage  .    y - +2 cloak
rCorr   .                        x - +0 pair of gloves
Will    .....                    (no boots) Stlth
                                 (no amulet)
HPRegen 0.33/turn                e - +4 ring of protection
MPRegen 0.11/turn                t - ring of poison resistance

@: no status effects
A: no striking features
a: Renounce Religion


You were on level 7 of the Dungeon.
You worshipped Beogh.
Beogh was aware of your devotion.
You visited 1 branch of the dungeon, and saw 8 of its levels.

You collected 366 gold pieces.

Inventory:

Hand Weapons
 a - a +0 war axe of flaming
 u - a +0 war axe of venom (weapon)
Armour
 b - a +0 scale mail
 c - a +0 buckler (worn)
 n - a +1 chain mail (worn)
 x - a +0 pair of gloves (worn)
 y - a +2 cloak (worn)
Jewellery
 e - a +4 ring of protection (left hand)
 g - a ring of resist corrosion
 m - a +4 ring of protection
 t - a ring of poison resistance (right hand)
Wands
 o - a wand of charming (17)
 v - a wand of flame (9)
 D - a wand of digging (6)
Scrolls
 f - 2 scrolls of enchant armour
 i - 3 scrolls of fog
 j - a scroll of vulnerability
 k - 2 scrolls of magic mapping
 C - 2 scrolls of teleportation
Potions
 h - 3 potions of ambrosia
 l - a potion of degeneration
 p - 4 potions of attraction
 q - 4 potions of curing
 r - a potion of flight {unknown}
 s - a potion of mutation {unknown}
 z - a potion of haste {unknown}
 A - a potion of berserk rage {unknown}
 B - a potion of heal wounds {unknown}


   Skills:
 + Level 6.8 Fighting
 * Level 13.8 Axes
 + Level 7.0 Armour
 + Level 1.4 Dodging
 + Level 0.1 Stealth
 + Level 4.9 Shields


You had 8 spell levels left.
You didn't know any spells.
Your spell library contained the following spells:

 Spells                   Type           Power      Damage    Failure   Level
 Freeze                   Ice            0%         1d3       96%         1
 Frozen Ramparts          Ice            0%         1d1       100%        3
 Hailstorm                Conj/Ice       0%         3d3       100%        3
 Portal Projectile        Hex/Tloc       0%         N/A       100%        3
 Tukima's Dance           Hex            0%         N/A       100%        3
 Blade Hands              Tmut           0%         N/A       100%        5
 Borgnjor's Revivificati  Necr           0%         N/A       100%        8
 Necromutation            Tmut/Necr      0%         N/A       100%        8
 Death's Door             Necr           0%         N/A       100%        9


Dungeon Overview and Level Annotations

Branches:
Dungeon (8/15)             Temple (0/1) D:7
   Lair: D:8-11

Altars:
Ashenzari
Cheibriados
Hepliaklqana
Uskayaw
Vehumet
Zin

Shops:
D:2 (   D:4 (:   D:5 :

Annotations:
D:5 2 runed translucent doors, mopl's ghost, novice DsFi


Message History

Beogh accepts your kill.
Reactivating autopickup.
You feel a bit more experienced.
You hit the kobold brigand.
The kobold brigand is poisoned.
The kobold brigand throws a poisoned dart.
The poisoned dart hits you!
The kobold brigand throws a poisoned dart.
The poisoned dart hits you!
The white ugly thing attacks as you move away!
You block the white ugly thing's attack.
You see here a +0 hand axe.
The white ugly thing attacks as you move away!
The white ugly thing engulfs you but does no damage.
The kobold brigand looks more healthy.
There is an escape hatch in the ceiling here.
You block the white ugly thing's attack.
A mysterious force pulls you upwards. The hatch slams shut behind you.
You completely miss the white ugly thing.
The white ugly thing engulfs you. The white ugly thing freezes you!!
You slash the white ugly thing!
The white ugly thing is poisoned.
The white ugly thing is moderately wounded.
You block the white ugly thing's attack.
You hit the white ugly thing.
The white ugly thing looks as sick as possible!
The white ugly thing is moderately wounded.
The white ugly thing engulfs you. The white ugly thing freezes you!!
* * * LOW HITPOINT WARNING * * *
The white ugly thing attacks as you move away!
The white ugly thing engulfs you but does no damage.
Things that are here:
a +0 ring mail; a +0 whip The white ugly thing attacks as you move away!
You block the white ugly thing's attack.
The white ugly thing attacks as you move away!
The white ugly thing engulfs you but does no damage.
The white ugly thing attacks as you move away!
The white ugly thing engulfs you!
* * * LOW HITPOINT WARNING * * *
The white ugly thing freezes you!
You die...

####.##################
......................#
#....####...#####.###.#
.............## #.# #.#
#.##.##.......# #.###.#########
..............###.##..........#
..##.##.......#.......#######.#
.....##......##.#..........##.#
..#####.#...##..@...#.####.##.#
.## #.#..###.u###.#.# #.##.# ##
#....[..........# #.##.### #
####.##...###.### #....... ##
#.##[### #.# ###...## .##
#.##.# #.# #...#
.)########.##.# #.#### #...#
#)>.....##.##.# #....# #...#
.)#.......o##.# ####.# #...#


You could see a white ugly thing (very poisoned).

Vanquished Creatures
  Maggie (D:7)
  2 water moccasins (D:6)
  A sky beast (D:7)
  An orc warrior (D:7)
  An ice beast (D:7)
  4 ogres
  A black bear (D:5)
  A centaur (D:5)
  A phantom (D:6)
  A kobold brigand (D:8)
  A bullfrog (D:6)
  7 scorpions
  A gnoll sergeant (D:5)
  3 killer bees (D:7)
  4 jellies
  Crazy Yiuf (D:5)
  2 orc priests (D:8)
  A sleepcap (D:6)
  A gnoll bouda (D:7)
  6 hounds
  2 iguanas
  Natasha (D:3)
  6 orc wizards
  13 gnolls
  9 adders
  A shadow imp (D:6)
  A white imp (D:6)
  An ufetubus (D:6)
  2 worms (D:3)
  4 dart slugs
  23 orcs
  5 ball pythons
  7 bats
  10 endoplasms
  4 giant cockroaches
  3 goblins
  8 hobgoblins
  6 jackals (D:1)
  10 kobolds
  3 quokkas
  A frilled lizard (D:3)
  4 rats
165 creatures vanquished.

Vanquished Creatures (others)
  An orc warrior (D:7)
  A wight (D:7)
  An orc priest (D:7)
  3 orcs (D:7)
  3 plants (D:1)
9 creatures vanquished.

Grand Total: 174 creatures vanquished

Notes
Turn   | Place    | Note
-------+----------+-------------------------------------------
     0 | D:1      | Arzdou the Hill Orc Fighter began the quest for the Orb.
     0 | D:1      | Reached XP level 1. HP: 19/19 MP: 1/1
   111 | D:1      | Reached XP level 2. HP: 27/27 MP: 2/2
   314 | D:1      | Reached skill level 3 in Axes
   442 | D:1      | Reached XP level 3. HP: 33/33 MP: 3/3
   474 | D:1      | Found a faded altar of an unknown god.
   837 | D:2      | Found Kunett's Weapon Shoppe.
   922 | D:2      | Found a broken altar of Ashenzari.
   983 | D:2      | Reached XP level 4. HP: 11/40 MP: 4/4
  1160 | D:2      | Reached skill level 4 in Axes
  1714 | D:3      | Reached XP level 5. HP: 47/47 MP: 5/5
  1809 | D:3      | Noticed Natasha
  1913 | D:3      | Found a hazy altar of Hepliaklqana.
  1913 | D:3      | Found a snail-covered altar of Cheibriados.
  2247 | D:3      | Killed Natasha
  2248 | D:3      | Reached skill level 5 in Axes
  2624 | D:4      | Noticed a +0 spear
  2625 | D:4      | Noticed a +0 short sword
  2626 | D:4      | Noticed a +0 falchion
  2626 | D:4      | Noticed a +0 short sword
  2627 | D:4      | Noticed a +0 dagger
  2627 | D:4      | Noticed a +0 spear
  2627 | D:4      | Noticed a +0 falchion
  2628 | D:4      | Noticed a +0 dagger
  2646 | D:4      | Found Nasamiq's Antique Weapon Emporium.
  2670 | D:4      | Reached XP level 6. HP: 52/53 MP: 6/6
  2719 | D:4      | Found a hide-covered altar of Uskayaw.
  2763 | D:4      | Reached skill level 6 in Axes
  2978 | D:4      | Found Oroagori's Book Shoppe.
  3554 | D:5      | Entered Level 5 of the Dungeon
  3589 | D:4      | Reached skill level 7 in Axes
  3613 | D:5      | Found Bacworuguq's Book Shop.
  3650 | D:5      | Reached XP level 7. HP: 56/60 MP: 7/7
  3756 | D:5      | Reached skill level 1 in Dodging
  3868 | D:5      | Found a radiant altar of Vehumet.
  3880 | D:5      | Reached skill level 8 in Axes
  3880 | D:5      | Reached skill level 5 in Armour
  4108 | D:5      | Reached skill level 5 in Fighting
  4216 | D:5      | Reached skill level 9 in Axes
  4216 | D:5      | Reached XP level 8. HP: 50/68 MP: 8/8
  4626 | D:5      | Found a runed translucent door.
  4627 | D:5      | Noticed Crazy Yiuf
  4633 | D:5      | Killed Crazy Yiuf
  4752 | D:5      | Found a runed translucent door.
  4754 | D:5      | Noticed mopl's ghost (novice DsFi)
  4772 | D:5      | Found a runed translucent door.
  4925 | D:6      | Reached skill level 10 in Axes
  5158 | D:6      | Reached skill level 11 in Axes
  5260 | D:6      | Reached XP level 9. HP: 75/75 MP: 9/9
  5987 | D:6      | Reached skill level 12 in Axes
  6038 | D:7      | Found a staircase to the Ecumenical Temple.
  6175 | D:7      | Became a worshipper of Beogh the Brigand
  6523 | D:7      | Found a glowing silver altar of Zin.
  6550 | D:7      | Noticed Maggie
  6581 | D:7      | Killed Maggie
  6582 | D:7      | Reached skill level 13 in Axes
  7123 | D:8      | Reached * piety under Beogh
  7176 | D:8      | Noticed a white ugly thing
  7201 | D:7      | Mangled by a white ugly thing

Illustrated notes

Levels and vault maps discovered:
D:1:      dpeg_arrival_three_same_balls, layout_rooms,
          chequers_ecumenical_altar_lobes
D:2:      layout_loops_ring, basic_altar, serial_shops,
          nicolae_shop_bloodbath_and_beyond
D:3:      layout_basic, nicolae_overflow_two_pavilions, uniq_natasha
D:4:      layout_basic, nicolae_uskayaw_en_pointe, serial_shops,
          nicolae_shop_statue_plus, kennysheep_small_square
D:5:      layout_gridville, nicolae_overflow_hidden_temple,
          ebering_ghost_sewer_f, serial_shops, shop, lightli_minifort,
          uniq_crazy_yiuf_cottage
D:6:      layout_rooms, grunt_ministairs_15
D:7:      layout_loops_ring, kennysheep_mini_moat, minmay_temple_entry_trees,
          kennysheep_generic_room_5, uniq_maggie
D:8:      nzn_winding_woodlands_small
          [nzn_winding_woodlands_5x15_river_crossing,
          nzn_winding_woodlands_center_pierced_h,
          nzn_winding_woodlands_5x15_pathside_ponds], layout_cave_pools,
          nicolae_overflow_hallway_of_the_gods

Skill      XL: |  1  2  3  4  5  6  7  8  9 |
---------------+----------------------------+-----
Axes           | 3 4 5 7 9 11 13 | 13.8
Fighting       | 4 5 6 |  6.8
Armour         | 4 5 6 7 |  7.0
Shields        | 4 |  4.9
Dodging        | 1 |  1.4
Stealth        | |  0.1

Action                     |  1- 3 |  4- 6 |  7- 9 || total
---------------------------+-------+-------+-------++-------
  Melee: War axe           |    74 |   188 |   244 ||   506
  Throw: Throwing net      |       |       |     1 ||     1
 Invoke: Convert to Beogh  |       |       |     1 ||     1
    Use: Potion            |     1 |       |       ||     1
         Scroll            |       |    11 |     7 ||    18
 Armour: Scale mail        |    50 |    27 |       ||    77
         Chain mail        |       |    98 |   163 ||   261
  Dodge: Dodged            |    63 |    79 |   105 ||   247
  Block: Buckler           |    20 |    41 |    67 ||   128

Table legend: (Time is in decaauts)
 A = Elapsed time spent in this place.
 B = Non-inter-level travel time spent in this place.
 C = Inter-level travel time spent in this place.
 D = Time resting spent in this place.
 E = Time spent auto-exploring this place.
 F = Levels seen in this place.
 G = Mean time per level.
                   A        B        C        D        E       F      G
               +--------+--------+--------+--------+--------+-----+--------+
         Total |   7291 |   6938 |    353 |      3 |   5288 |   8 |  911.4 |
       Dungeon |   7291 |   6938 |    353 |      3 |   5288 |   8 |  911.4 |
               +--------+--------+--------+--------+--------+-----+--------+

Top non-repeatable levels by time:
     D:5: 1337 daAuts
     D:4: 1333 daAuts
     D:7: 1023 daAuts
     D:2: 1015 daAuts
     D:1: 856 daAuts
     D:6: 796 daAuts
     D:3: 780 daAuts
     D:8: 148 daAuts
